 Dungeon Crawl Stone Soup version 0.27.1-33-g824d729ab1 (webtiles) character file.

Game seed: 4463677952304092265

326 Atelerd the Digger (level 6, 0/36 HPs)
             Began as an Octopode Earth Elementalist on Dec 30, 2021.
             Slain by a gnoll sergeant (10 damage)
             ... on level 5 of the Dungeon.
             The game lasted 00:03:41 (5239 turns).

Atelerd the Digger (Octopode Earth Elementalist)    Turns: 5239, Time: 00:03:42

Health: 0/36       AC:  1    Str:  7    XL:     6   Next: 49%
Magic:  12/12      EV: 13    Int: 19    God:
Gold:   58         SH:  0    Dex: 13    Spells: 8/13 levels left

rFire    + . .     SeeInvis .   o - +1 dagger (holy)
rCold    . . .     Faith    +   (no shield)
rNeg     . . .     Spirit   .   (helmet restricted)
rPois    .         Reflect  .   t - amulet of faith
rElec    .         Harm     .   h - ring of protection from fire
rCorr    .         Rampage  .   (no ring)
Will     .....                  (no ring)
Stlth    +++.......             (no ring)
HPRegen  0.12/turn              (no ring)
MPRegen  0.13/turn              (no ring)
                                (no ring)
                                (no ring)

@: no status effects
A: almost no armour, amphibious, 8 rings, camouflage 1, gelatinous body 1,
(nimble swimmer 1), tentacles
a: no special abilities


You were on level 5 of the Dungeon.
You visited 1 branch of the dungeon, and saw 5 of its levels.

You collected 188 gold pieces.
You spent 130 gold pieces at shops.

Inventory:

Hand Weapons
 c - a +0 dagger
 o - a +1 dagger of holy wrath (weapon)
Missiles
 b - 55 stones
Jewellery
 h - a ring of protection from fire (left tentacle)
 t - an amulet of faith (around mantle)
Wands
 m - a wand of iceblast (9)
Scrolls
 a - 2 scrolls of teleportation {unknown}
 d - 5 scrolls of identify {unknown}
 f - a scroll of immolation {unknown}
 g - a scroll of magic mapping {unknown}
 i - a scroll of acquirement {unknown}
 j - a scroll of amnesia {unknown}
 p - a scroll of enchant weapon {unknown}
 s - a scroll of silence {unknown}
Potions
 e - a potion of lignification {unknown}
 k - a potion of heal wounds
 l - a potion of cancellation
 n - 2 potions of mutation {unknown}
 q - a potion of curing {unknown}
 r - a potion of haste {unknown}
 u - a potion of might {unknown}


   Skills:
 - Level 2.0 Dodging
 - Level 2.6 Stealth
 + Level 4.1 Spellcasting
 - Level 3.0 Transmutations
 + Level 5.0 Earth Magic


You had 8 spell levels left.
You knew the following spells:

 Your Spells              Type           Power      Damage    Failure   Level
a - Sandblast             Erth           44%        2d11      1%          1
p - Petrify               Tmut/Erth      19%        N/A       26%         4

Your spell library contained the following spells:

 Spells                   Type           Power      Damage    Failure   Level
 Passwall                 Tmut/Erth      15%        N/A       4%          2
 Stone Arrow              Conj/Erth      26%        3d8       14%         3
 Gell's Gravitas          Tloc           1%         N/A       38%         3
 Lesser Beckoning         Tloc           1%         N/A       38%         3
 Teleport Other           Tloc           3%         N/A       38%         3


Dungeon Overview and Level Annotations

Branches:
Dungeon (5/15)
 Temple: D:4-7

Altars:
Qazlal
Yredelemnul
Zin

Shops:
D:4 *=?(


Innate Abilities, Weirdness & Mutations

You cannot wear most types of armour.
You are amphibious.
You can wear up to eight rings at the same time.
Your skin changes colour to match your surroundings (Stealth+).
Your rubbery body absorbs attacks. (AC +1, EV +1)
((You are camouflaged near water. (Stealth+)))
You have tentacles for arms and can constrict up to eight enemies at once.


Message History

The centaur zombie hits you. The centaur zombie kicks you.
* * * LOW HITPOINT WARNING * * *
The centaur zombie hits you.
* * * LOW HITPOINT WARNING * * *
The centaur zombie closely misses you.
You are too injured to fight recklessly!
You are too injured to fight recklessly!
You are too injured to fight recklessly!
Casting: Sandblast (safe; 1% risk of failure)
Confirm with . or Enter, or press ? or * to list all spells.
Aiming: Sandblast (safe; 1% risk of failure)
Press: ? - help, Shift-Dir - straight line, f - centaur zombie, p - gnoll sergeant
Aim: a centaur zombie (100% to hit)
The blast of sand hits the centaur zombie!
The centaur zombie is moderately damaged.
The centaur zombie closely misses you. The centaur zombie kicks you.
* * * LOW HITPOINT WARNING * * *
Unknown command.
Casting: Sandblast (safe; 1% risk of failure)
Confirm with . or Enter, or press ? or * to list all spells.
Aiming: Sandblast (safe; 1% risk of failure)
Press: ? - help, Shift-Dir - straight line, f/p - centaur zombie
Aim: a centaur zombie (moderately damaged, 100% to hit)
The blast of sand hits the centaur zombie!
The centaur zombie is severely damaged.
The centaur zombie closely misses you.
The centaur zombie kicks you but does no damage.
Casting: Sandblast (safe; 1% risk of failure)
Confirm with . or Enter, or press ? or * to list all spells.
Aiming: Sandblast (safe; 1% risk of failure)
Press: ? - help, Shift-Dir - straight line, f/p - centaur zombie
Aim: a centaur zombie (severely damaged, 100% to hit)
The blast of sand hits the centaur zombie!
You destroy the centaur zombie!
Your Earth Magic skill increases to level 5!
Unknown command.
Unknown command.
There is a stone staircase leading up here.
The gnoll sergeant hits you from afar with a +0 spear!
You die...

### ### #
#.###.########.##
#...............#
#.#######.......#
#.#.............#
#.#.#####.####.##
#########.#.#.g.@....#
#
#.......#.#.#.######.#
#.#####.#.#.#.#....#.#
#.# #.#.#.#.#.##.#.#
#.#####.#.#.#.#.##.#.#
..........#.#.#.#..#.#
.........##.#.#.#.##.#
...............>...#.#
.........##.#.#.####.#


You could see a gnoll sergeant.

Vanquished Creatures
  A scorpion (D:4)
  A centaur zombie (D:5)
  A jelly (D:4)
  A bullfrog skeleton (D:3)
  Jessica (D:2)
  5 adders
  A shadow imp (D:4)
  A white imp (D:5)
  2 ufetubi (D:4)
  2 worms (D:2)
  A dart slug (D:1)
  An orc (D:3)
  11 endoplasms
  3 giant cockroaches
  12 goblins
  5 hobgoblins
  2 jackals (D:2)
  A kobold (D:2)
  3 quokkas
  5 ball pythons
  7 bats (D:1)
  5 frilled lizards
  A quokka skeleton (D:4)
  4 rats
77 creatures vanquished.

Notes
Turn   | Place    | Note
-------+----------+-------------------------------------------
     0 | D:1      | Atelerd the Octopode Earth Elementalist began the quest for
                  | the Orb.
     0 | D:1      | Reached XP level 1. HP: 11/11 MP: 3/3
   227 | D:1      | Reached XP level 2. HP: 17/17 MP: 5/5
   534 | D:1      | Reached XP level 3. HP: 19/21 MP: 0/6
   839 | D:1      | Found a faded altar of an unknown god.
  1567 | D:2      | Reached XP level 4. HP: 21/27 MP: 5/8
  1953 | D:2      | Noticed Jessica
  1963 | D:2      | Killed Jessica
  1964 | D:2      | Reached skill level 4 in Earth Magic
  2488 | D:2      | Reached XP level 5. HP: 18/31 MP: 6/9
  3073 | D:3      | Found a basalt altar of Yredelemnul.
  3648 | D:4      | Found Keddonat's Weapon Shop.
  3649 | D:4      | Found Huivig's Magic Scroll Shop.
  3651 | D:4      | Found Viaclok's Jewellery Shop.
  3656 | D:4      | Found Cidahur's General Store.
  3661 | D:4      | Bought a potion of heal wounds for 50 gold pieces
  3661 | D:4      | Bought a potion of cancellation for 80 gold pieces
  3764 | D:4      | Reached XP level 6. HP: 7/36 MP: 6/11
  4080 | D:4      | Learned a level 4 spell: Petrify
  4229 | D:4      | Found a stormy altar of Qazlal.
  4969 | D:5      | Entered Level 5 of the Dungeon
  5114 | D:5      | Found a glowing silver altar of Zin.
  5205 | D:5      | Reached skill level 5 in Earth Magic
  5239 | D:5      | Slain by a gnoll sergeant

Illustrated notes

Levels and vault maps discovered:
D:1:      sevenhm_arrival_forest_fort_large_4, layout_loops_ring,
          chequers_ecumenical_altar_grove
D:2:      layout_basic, minmay_fractal_squares_5, uniq_jessica
D:3:      layout_loops_ring, yredelemnul_altar_generic, minmay_misc_feat_tower,
          kennysheep_small_spiral
D:4:      layout_basic, mainiacjoe_overflow_brackets, minmay_shop_grid_forest
D:5:      minmay_razor_zed, layout_basic, zin_scriptorium,
          chequers_temple_overflow_minitemple, minmay_temple_entry_trees

Skill      XL: |  1  2  3  4  5  6 |
---------------+-------------------+-----
Transmutations | 2 3 |  3.0
Spellcasting   | 3 4 |  4.1
Earth Magic    | 4 5 |  5.0
Dodging        | |  2.0
Stealth        | |  2.6

Action                   |  1- 3 |  4- 6 || total
-------------------------+-------+-------++-------
Melee: Unarmed           |    12 |       ||    12
       Constrict         |    10 |    11 ||    21
       Tentacles         |     7 |     6 ||    13
       Dagger            |    17 |    21 ||    38
 Cast: Sandblast         |    42 |    50 ||    92
 Stab: Sleeping          |     3 |     2 ||     5
Armor: Skin              |     3 |     5 ||     8
Dodge: Dodged            |    23 |    34 ||    57
